 Dungeon Sprint DCSS version 0.26-a0-958-gf3041fb45f (webtiles) character file.

Game seed: 6491682850895083476

260 iamoutofideas the Arsonist (level 5, -4/28 HPs)
             Began as a Deep Elf Fire Elementalist on Dec 1, 2020.
             Slain by a chaos spawn (7 damage)
             ... summoned by a kobold demonologist
             ... in the Dungeon (Sprint III: "The Ten Rune Challenge").
             The game lasted 00:01:01 (483 turns).

iamoutofideas the Arsonist (DEFE)                    Turns: 483, Time: 00:01:01

Health: -4/28      AC:  4    Str:  5    XL:     5   Next: 95%
Magic:  10/18      EV: 15    Int: 21    God:
Gold:   25         SH:  0    Dex: 15    Spells: 13/21 levels left

rFire    . . .     SeeInvis .   (no weapon)
rCold    . . .     Faith    .   (no shield)
rNeg     . . .     Spirit   .   a - +0 robe
rPois    .         Reflect  .   (no helmet)
rElec    .         Harm     .   (no cloak)
rCorr    .         Rampage  .   (no gloves)
MR       .....     NoTele   +   (no boots)
Stlth    +++.......             (no amulet)
HPRegen  0.49/turn              (no ring)
MPRegen  0.16/turn              (no ring)

@: no status effects
A: icy blue scales 1, regeneration 1
a: no special abilities


You were in the Dungeon.
You visited 1 branch You collected 25 gold pieces.

Inventory:

Armour
 a - a +0 robe (worn)
Wands
 p - a wand of paralysis (10)
Scrolls
 b - a scroll of immolation {unknown}
 h - a scroll of blinking
 i - 3 scrolls of identify
 j - a scroll of fear {unknown}
 m - a scroll of holy word {unknown}
 n - a scroll of remove curse {unknown}
Potions
 c - 2 potions of curing
 d - a potion of heal wounds
 e - a potion of haste
 f - 2 potions of magic
 g - a potion of berserk rage
 k - a potion of flight {unknown}
 l - 3 potions of mutation
 o - 2 potions of brilliance {unknown}


   Skills:
 + Level 4.9 Dodging
 + Level 5.0 Stealth
 + Level 8.9 Spellcasting
 + Level 4.5 Conjurations
 + Level 9.7 Fire Magic


You had 13 spell levels left.
You knew the following spells:

 Your Spells              Type           Power        Failure   Level
a - Foxfire               Conj/Fire      ####         1%          1
b - Conjure Flame         Conj/Fire      #####...     1%          3
c - Sticky Flame          Conj/Fire      #####...     3%          4

Your spell library contained the following spells:

 Spells                   Type           Power        Failure   Level
 Inner Flame              Hex/Fire       ####....     3%          3
 Fireball                 Conj/Fire      #####.....   11%         5


Dungeon Overview and Level Annotations

Branches:
Dungeon (1/1)

Altars:
Dithmenos
Kikubaaqudgha
Ru
Sif Muna
Vehumet
Yredelemnul


Innate Abilities, Weirdness & Mutations

You are partially covered in icy blue scales. (AC +2)
Your natural rate of healing is unusually fast.


Message History

The kobold demonologist closely misses you.
Casting: Foxfire (safe; 1% risk of failure)
Confirm with . or Enter, or press ? or * to list all spells.
You conjure some foxfire!
The foxfire hits the chaos spawn but does no damage.
The chaos spawn is moderately wounded.
The chaos spawn gores you. The chaos spawn shocks you!
The kobold demonologist hits you but does no damage.
Unknown command.
Casting: Foxfire (safe; 1% risk of failure)
Confirm with . or Enter, or press ? or * to list all spells.
You conjure some foxfire!
The foxfire hits the chaos spawn.
The chaos spawn is moderately wounded.
The foxfire hits the chaos spawn but does no damage.
The chaos spawn is moderately wounded.
The chaos spawn gores you!
Ouch! That really hurt!
* * * LOW HITPOINT WARNING * * *
You are engulfed in flames!
You die...

▓▓▓▓▓▓▓▓▓ ▓▓▓ #..'....♣♣
♣.# #### #..#.....♣ ♣.#
#__# ####....♣♣ ♣♣.# #)_#
...#....≈♣♣♣♣..###+#+###'##
...#...≈≈♣♣....#..........#
..(#..≈≈≈≈♣.♣♣.'.⌠........#
##'#..≈≈≈≈≈≈♣..#§v.######+#
...#.≈≈≈≈≈≈....#@⌠.#
...#.≈≈≈≈≈.....#K4.#
...#.≈≈≈.......#)###
####...........#.:
......†........#___
▓▓▓▓▓▓▓▓▓▓▓▓▓▓▓▓▓▓▓▓


You could see a kobold demonologist and a chaos spawn (summoned).

Vanquished Creatures
  A necrophage (D)
  A water elemental (D)
  A wizard (D)
  Jessica (D)
  A necromancer (D)
  A human (D)
  A wolf (D)
  An ooze (D)
  A rat (D)
9 creatures vanquished.

Vanquished Creatures (others)
  66 foxfires (D)
66 creatures vanquished.

Grand Total: 75 creatures vanquished

Notes
Turn   | Place    | Note
-------+----------+-------------------------------------------
     0 | D        | iamoutofideas the Deep Elf Fire Elementalist began the
                  | quest for the Orb.
     0 | D        | Reached XP level 1. HP: 10/10 MP: 6/6
     7 | D        | Reached skill level 4 in Fire Magic
   103 | D        | Noticed Jessica
   108 | D        | Killed Jessica
   109 | D        | Reached skill level 5 in Fire Magic
   109 | D        | Reached XP level 2. HP: 15/15 MP: 4/9
   109 | D        | Reached XP level 3. HP: 19/19 MP: 4/11
   116 | D        | Learned a level 3 spell: Conjure Flame
   184 | D        | Reached skill level 5 in Spellcasting
   184 | D        | Reached skill level 6 in Fire Magic
   292 | D        | Gained mutation: Your spells are a little easier to cast,
                  | but a little less powerful. [potion of mutation]
   292 | D        | Gained mutation: You are weak. (Str -2) [potion of
                  | mutation]
   292 | D        | Gained mutation: You tend to lose your temper in combat.
                  | [potion of mutation]
   292 | D        | Gained mutation: You have a pair of small antennae on your
                  | head. [potion of mutation]
   293 | D        | Lost mutation: You are weak. (Str -2) [potion of mutation]
   293 | D        | Lost mutation: Your spells are a little easier to cast, but
                  | a little less powerful. [potion of mutation]
   293 | D        | Lost mutation: You have a pair of small antennae on your
                  | head. [potion of mutation]
   293 | D        | Lost mutation: You tend to lose your temper in combat.
                  | [potion of mutation]
   293 | D        | Gained mutation: You are partially covered in icy blue
                  | scales. (AC +2) [potion of mutation]
   293 | D        | Gained mutation: Your natural rate of healing is unusually
                  | fast. [potion of mutation]
   308 | D        | Noticed a water elemental
   315 | D        | Killed a water elemental
   316 | D        | Reached skill level 7 in Fire Magic
   316 | D        | Reached XP level 4. HP: 2/24 MP: 6/14
   372 | D        | Learned a level 4 spell: Sticky Flame
   385 | D        | Found a basalt altar of Yredelemnul.
   385 | D        | Found a shadowy altar of Dithmenos.
   385 | D        | Found a sacrificial altar of Ru.
   385 | D        | Noticed a necrophage
   391 | D        | Killed a necrophage
   392 | D        | Reached skill level 9 in Fire Magic
   392 | D        | Reached XP level 5. HP: 28/28 MP: 9/17
   473 | D        | Found a radiant altar of Vehumet.
   473 | D        | Found a shimmering blue altar of Sif Muna.
   473 | D        | Found an ancient bone altar of Kikubaaqudgha.
   477 | D        | Noticed a chaos spawn
   478 | D        | Reached skill level 5 in Stealth
   483 | D        | Slain by a chaos spawn

Illustrated notes

Levels and vault maps discovered:
D:        dungeon_sprint_mu [sprint_mu_entry_forest, sprint_mu_temple_rooms,
          sprint_mu_d1_horrors, sprint_mu_d2_genie, sprint_mu_d3_branching,
          sprint_mu_orc_legion, sprint_mu_elf_gauntlet, sprint_mu_hive_nellie,
          sprint_mu_lair_fedhas, sprint_mu_vaults_butterflies,
          sprint_mu_slime_circle, sprint_mu_swamp_cave, sprint_mu_shoals_archi,
          sprint_mu_blade_basic, sprint_mu_crypt_lich, sprint_mu_tomb_spiral,
          sprint_mu_vestibule_basic, sprint_mu_gehenna_hellfire,
          sprint_mu_dis_giant, sprint_mu_tartarus_statrot,
          sprint_mu_cocytus_islands, sprint_mu_zot1]

Skill      XL: |  1  2  3  4  5 |
---------------+----------------+-----
Fire Magic     | 5 7 9 |  9.7
Dodging        | 3 4 |  4.9
Stealth        | 3 4 5 |  5.0
Spellcasting   | 4 6 8 |  8.9
Conjurations   | 3 4 |  4.5

Action                   |  1- 3 |  4- 6 || total
-------------------------+-------+-------++-------
 Cast: Foxfire           |    27 |    17 ||    44
  Use: Potion            |     2 |       ||     2
Armor: Robe              |       |     2 ||     2
Dodge: Dodged            |     2 |     3 ||     5

Table legend: (Time is in decaauts)
 A = Elapsed time spent in this place.
 B = Non-inter-level travel time spent in this place.
 C = Inter-level travel time spent in this place.
 D = Time resting spent in this place.
 E = Time spent auto-exploring this place.
 F = Levels seen in this place.
 G = Mean time per level.
                   A        B        C        D        E       F      G
               +--------+--------+--------+--------+--------+-----+--------+
         Total |    485 |    471 |     14 |    230 |    101 |   1 |  485.0 |
       Dungeon |    485 |    471 |     14 |    230 |    101 |   1 |  485.0 |
               +--------+--------+--------+--------+--------+-----+--------+

Top non-repeatable levels by time:
       D: 485 daAuts
